 Dungeon Crawl Stone Soup version 0.28.0-1-gb440e238dd (webtiles) character file.

Game seed: 15253900529962408637

35 Kaptain the Firebug (level 3, -2/22 HPs)
             Began as an Octopode Fire Elementalist on Feb 19, 2022.
             Killed from afar by Sigmund (9 damage)
             ... with a magic dart
             ... on level 2 of the Dungeon.
             The game lasted 00:03:09 (1978 turns).

Kaptain the Firebug (Octopode Fire Elementalist)    Turns: 1978, Time: 00:03:09

Health: -2/22      AC:  1    Str:  7    XL:     3   Next: 33%
Magic:  6/6        EV: 28    Int: 19    God:
Gold:   105        SH:  0    Dex: 12    Spells: 5/6 levels left

rFire   . . .      SeeInvis .   h - +0 short sword
rCold   . . .      Faith    .   (no shield)
rNeg    . . .      Spirit   .   (helmet restricted)
rPois   .          Reflect  .   i - amulet of the acrobat
rElec   .          Harm     .   g - ring of resist corrosion
rCorr   +          Rampage  .   (no ring)
Will    .....                   (no ring)
Stlth   ++........              (no ring)
HPRegen 0.07/turn               (no ring)
MPRegen 0.10/turn               (no ring)
                                (no ring)
                                (no ring)

@: confused, acrobatic
A: almost no armour, amphibious, 8 rings, camouflage 1, gelatinous body 1,
(nimble swimmer 1), tentacles
a: no special abilities


You were on level 2 of the Dungeon.
You visited 1 branch of the dungeon, and saw 2 of its levels.

You collected 105 gold pieces.

Inventory:

Hand Weapons
 e - a +0 dagger
 h - a +0 short sword (weapon)
Jewellery
 g - a ring of resist corrosion (left tentacle)
 i - an amulet of the acrobat (around mantle)
Scrolls
 b - a scroll of torment {unknown}
 c - a scroll of teleportation {unknown}
 d - a scroll of identify {unknown}
Potions
 f - a potion of resistance {unknown}


   Skills:
 + Level 0.4 Fighting
 + Level 2.1 Dodging
 + Level 3.1 Stealth
 * Level 2.4 Spellcasting
 * Level 1.9 Conjurations
 + Level 3.1 Fire Magic


You had 5 spell levels left.
You knew the following spells:

 Your Spells              Type           Power      Damage    Failure   Level
a - Foxfire               Conj/Fire      48%        2x1d6     5%          1

Your spell library contained the following spells:

 Spells                   Type           Power      Damage    Failure   Level
 Scorch                   Fire           28%        2d6       7%          2
 Conjure Flame            Conj/Fire      12%        6-21      17%         3
 Inner Flame              Hex/Fire       8%         N/A       26%         3
 Flame Wave               Conj/Fire      12%        2d6       50%         4


Dungeon Overview and Level Annotations

Branches:
Dungeon (2/15)

Altars:

Annotations:
D:2 Sigmund, Terence


Innate Abilities, Weirdness & Mutations

You cannot wear most types of armour.
You are amphibious.
You can wear up to eight rings at the same time.
Your skin changes colour to match your surroundings (Stealth+).
Your rubbery body absorbs attacks. (AC +1, EV +1)
((You are camouflaged when in or above water. (Stealth+)))
You have tentacles for arms and can constrict up to eight enemies at once.


Message History

Casting: Foxfire (safe; 5% risk of failure)
Confirm with . or Enter, or press ? or * to list all spells.
You conjure some foxfire!
The foxfire hits Sigmund.
Sigmund is moderately wounded.
The foxfire hits Sigmund.
Sigmund is moderately wounded.
Sigmund mumbles some strange words.
Sigmund flickers and vanishes!
Deactivating autopickup; reactivate with Ctrl-A.
Casting: Foxfire (safe; 5% risk of failure)
Confirm with . or Enter, or press ? or * to list all spells.
You conjure some foxfire!
The foxfire hits something but does no damage.
The foxfire hits something.
Something hits you!
Ouch! That really hurt!
Unknown command.
Casting: Foxfire (safe; 5% risk of failure)
Confirm with . or Enter, or press ? or * to list all spells.
You conjure some foxfire!
The foxfire hits something. x2
You hear some strange, mumbled words.
You are confused.
Unknown command.
You're too confused to cast spells.
Unknown command.
You're too confused to cast spells.
You hit your foxfire.
Your foxfire is moderately damaged.
The foxfire hits something. x2
You hear some strange, mumbled words.
You are more confused.
You're too confused to move!
Something hits you.
You bump into the rock wall.
Unknown command.
Unknown command.
It was a potion of magic.
Magic courses through your body.
You hear some strange, mumbled words.
You are more confused.
A magic dart appears from out of thin air!
The magic dart hits you!
You die...

#.......# ............
.........# ###......).
.........# #####........
........## #....†.......
.........# #........)...
.......[.#####.......#....
.....................#....
#.....{.######............
######.#.@................
#.(.#####............
###.# #########.... ###
##... ####


There were no monsters in sight!

Vanquished Creatures
  A dart slug (D:1)
  3 endoplasms
  3 giant cockroaches
  A goblin (D:2)
  4 hobgoblins
  4 jackals
  3 bats (D:1)
  3 frilled lizards
  4 kobolds
  3 rats
29 creatures vanquished.

Vanquished Creatures (others)
  117 foxfires
117 creatures vanquished.

Grand Total: 146 creatures vanquished

Notes
Turn   | Place    | Note
-------+----------+-------------------------------------------
     0 | D:1      | Kaptain the Octopode Fire Elementalist began the quest for
                  | the Orb.
     0 | D:1      | Reached XP level 1. HP: 11/11 MP: 3/3
   451 | D:1      | Reached XP level 2. HP: 17/17 MP: 0/5
  1530 | D:2      | Noticed Terence
  1562 | D:2      | Reached XP level 3. HP: 22/22 MP: 0/6
  1965 | D:2      | Noticed Sigmund
  1978 | D:2      | Killed from afar by Sigmund

Illustrated notes

Levels and vault maps discovered:
D:1:      co_arrival_random_square_maze, layout_loops_ring, chequers_avenue,
          chequers_serial_rivers_micro_b, minmay_cut_off
D:2:      layout_rooms, uniq_sigmund, uniq_terence

Skill      XL: |  1  2 |
---------------+-------+-----
Stealth        | 3 |  3.1
Fighting       | |  0.4
Dodging        | |  2.1
Spellcasting   | |  2.4
Conjurations   | |  1.9
Fire Magic     | |  3.1

Action                   || total
-------------------------++-------
Melee: Unarmed           ||    17
       Constrict         ||     3
       Tentacles         ||     3
       Dagger            ||     2
       Short sword       ||     1
 Cast: Foxfire           ||    77
  Use: Potion            ||     1
 Stab: Sleeping          ||     1
Armor: Skin              ||     1
Dodge: Dodged            ||    14
